 Dungeon Crawl Stone Soup version 0.24-a0-307-gf989941 (webtiles) character file.

Game seed: 12545494725547228292

959 Hylith the Cleaver (level 7, -2/62 HPs)
             Began as a Deep Dwarf Fighter on May 13, 2019.
             Slain by an ogre
             ... wielding a +0 giant spiked club
              (11 damage)
             ... on level 5 of the Dungeon.
             The game lasted 00:09:29 (4674 turns).

Hylith the Cleaver (Deep Dwarf Fighter)             Turns: 4674, Time: 00:09:30

Health: -2/62      AC: 12    Str: 22    XL:     7   Next: 92%
Magic:  5/5        EV:  7    Int:  8    God:
Gold:   165        SH:  9    Dex: 12    Spells: 6/6 levels left

rFire    . . .     SeeInvis +   a - +0 war axe
rCold    . . .     Gourm    .   c - +0 shield
rNeg     . . .     Faith    .   b - +0 scale mail
rPois    +         Spirit   .   u - +0 helmet
rElec    .         Reflect  .   x - +2 cloak {rPois}
rCorr    .         Harm     .   (no gloves)
MR       +....                  s - +0 pair of boots
Stlth    ..........             (no amulet)
HPRegen  0.00/turn              g - ring of see invisible
MPRegen  0.09/turn              (no ring)

@: marked, non-regenerating
A: damage resistance, heal wounds, sense surroundings 1, no regeneration
a: Heal Wounds


You were on level 5 of the Dungeon.
You were hungry.

You visited 2 branches of the dungeon, and saw 7 of its levels.

You collected 249 gold pieces.
You spent 84 gold pieces at shops.

Inventory:

Hand Weapons
 a - a +0 war axe (weapon)
 w - the +6 shillelagh "Devastator" {shatter}
   (You found it on level 4 of the Dungeon)
Armour
 b - a +0 scale mail (worn)
 c - a +0 shield (worn)
 s - a +0 pair of boots (worn)
 u - a +0 helmet (worn)
 x - a +2 cloak of poison resistance (worn)
Jewellery
 g - a ring of see invisible (left hand)
Wands
 y - a wand of scattershot (2)
Scrolls
 d - 2 scrolls of amnesia {unknown}
 i - 6 scrolls of identify
 j - 2 scrolls of enchant armour {unknown}
 k - 2 scrolls of magic mapping {unknown}
 m - a scroll of random uselessness {unknown}
 n - 3 scrolls of teleportation {unknown}
 o - 2 scrolls of remove curse
 p - a scroll of blinking {unknown}
 q - 3 scrolls of fog {unknown}
Potions
 e - a potion of lignification {unknown}
 h - 2 potions of curing {unknown}
 l - a potion of resistance {unknown}
 r - 2 potions of heal wounds
 t - a potion of haste {unknown}
 v - 2 potions of flight {unknown}
 z - a potion of mutation {unknown}
Comestibles
 f - 9 rations


   Skills:
 - Level 3.0 Fighting
 * Level 9.5 Axes
 - Level 4.0 Armour
 - Level 4.0 Shields


You had 6 spell levels left.
You didn't know any spells.
Your spell library was empty.

Dungeon Overview and Level Annotations

Branches:
Dungeon (6/15)             Temple (1/1) D:5

Altars:
Ashenzari
Dithmenos
Elyvilon
Fedhas
Hepliaklqana
Kikubaaqudgha
Nemelex Xobeh
Okawaru
Qazlal
Ru
Sif Muna
Trog
Uskayaw
Vehumet
Xom
Zin
The Shining One

Shops:
D:4 *   D:5 [


Innate Abilities, Weirdness & Mutations

You are resistant to damage.
You can heal yourself by infusing magical energy.
You passively map a small area around you.
You do not regenerate.


Message History

The ogre hits you with a +0 giant spiked club.
* * * LOW HITPOINT WARNING * * *
You climb upwards.
There is a stone staircase leading down here.
You slash the ogre!
The ogre is moderately wounded.
You block the ogre's attack.
You hit the ogre.
The ogre is moderately wounded.
You hit the ogre but do no damage.
The ogre is moderately wounded.
You block the ogre's attack.
Your scale mail prevents you from hitting the ogre.
The ogre is moderately wounded.
The ogre hits you with a +0 giant spiked club!
* * * LOW HITPOINT WARNING * * *
You closely miss the ogre.
The ogre is moderately wounded.
The ogre hits you with a +0 giant spiked club!
You die...

#...........#........#
##############...#........######
#....####...##...#..............
#................#....#+##......
#................#....#..#......
#................#....#..#......
#......).........#....#..##+###'
#................#....#.........
#......##...##O@.#....#.........
#......##...##'###....'......)).
#............[...#....#.......).
#................#....#..#####)#
#..##..##...##...#....#..# ###
#####..#######...#....#..#
#....#........#....#..###
#....#........'....#....##♣♣
#....#........#....#.....#.♣♣


You could see an ogre.

Vanquished Creatures
  Sigmund (D:5)
  A sky beast (D:5)
  An ice beast (D:5)
  A scorpion (D:4)
  A centaur zombie (D:5)
  An orc priest (D:3)
  Crazy Yiuf (D:5)
  A hound (D:5)
  3 iguanas
  Natasha (twice) (D:2)
  3 worker ants
  A howler monkey skeleton (D:5)
  10 adders
  2 oozes
  An adder zombie (D:5)
  2 worms
  2 dart slugs
  7 leopard geckos
  12 orcs
  11 giant cockroaches
  5 goblins
  10 hobgoblins
  8 jackals
  9 kobolds
  A quokka (D:4)
  A ball python (D:1)
  7 bats
  5 frilled lizards
  A jackal skeleton (D:4)
  A leopard gecko skeleton (D:6)
  A quokka skeleton (D:4)
  7 rats
120 creatures vanquished.

Notes
Turn   | Place    | Note
-------+----------+-------------------------------------------
     0 | D:1      | Hylith the Deep Dwarf Fighter began the quest for the Orb.
     0 | D:1      | Reached XP level 1. HP: 20/20 MP: 1/1
   220 | D:1      | Reached XP level 2. HP: 24/27 MP: 2/2
   540 | D:1      | Reached XP level 3. HP: 26/34 MP: 3/3
  1197 | D:2      | Noticed Natasha
  1199 | D:2      | Reached skill level 3 in Axes
  1202 | D:2      | Killed Natasha
  1202 | D:2      | Reached XP level 4. HP: 26/42 MP: 4/4
  1480 | D:2      | Noticed Natasha
  1492 | D:2      | HP: 1/42 [Natasha (3)]
  1496 | D:2      | Killed Natasha
  1496 | D:2      | Reached skill level 4 in Axes
  1645 | D:2      | Reached XP level 5. HP: 31/49 MP: 4/4
  2073 | D:3      | Reached skill level 5 in Axes
  2675 | D:4      | Reached skill level 6 in Axes
  2675 | D:4      | Reached XP level 6. HP: 23/56 MP: 5/5
  3061 | D:4      | Found Oduow's General Store.
  3069 | D:4      | Bought a potion of heal wounds for 60 gold pieces
  3069 | D:4      | Bought a scroll of identify for 24 gold pieces
  3257 | D:4      | Found the +6 shillelagh "Devastator" {shatter}
  3456 | D:5      | Entered Level 5 of the Dungeon
  3470 | D:5      | Noticed a sky beast
  3471 | D:5      | Noticed Sigmund
  3625 | D:5      | Reached skill level 7 in Axes
  3658 | D:5      | Found Eluihahu's Armour Emporium.
  3711 | D:5      | Found a staircase to the Ecumenical Temple.
  3720 | Temple   | Entered the Ecumenical Temple
  3929 | D:5      | Noticed an ice beast
  3943 | D:5      | Killed an ice beast
  3943 | D:5      | Reached XP level 7. HP: 49/62 MP: 5/5
  4079 | D:5      | Killed Sigmund
  4079 | D:5      | Reached skill level 8 in Axes
  4137 | D:5      | Reached skill level 9 in Axes
  4295 | D:5      | Found a runed translucent door.
  4296 | D:5      | Noticed Crazy Yiuf
  4352 | D:5      | Killed Crazy Yiuf
  4674 | D:5      | Slain by an ogre

Levels and vault maps discovered:
D:1:      dpeg_arrival_boxorama, layout_basic
D:2:      layout_loops_corners, minivault_23, minmay_pentomino_v2, uniq_natasha
D:3:      layout_loops_ring, first_ration, minmay_between
D:4:      layout_cave_pods, serial_shops, shop
D:5:      layout_gridville, minmay_temple_entry_purple_smoke, serial_shops,
          shop_statue, uniq_crazy_yiuf_cottage, uniq_sigmund
D:6:      layout_basic, minmay_hedge_maze, minmay_starry_boxes
Temple:   minmay_crystal_spiral_temple

Skill      XL: |  1  2  3  4  5  6  7 |
---------------+----------------------+-----
Fighting       | 3 |  3.0
Axes           | 3 4 6 7 9 |  9.5
Shields        | 4 |  4.0
Armour         | 4 |  4.0

Action                   |  1- 3 |  4- 6 |  7- 9 || total
-------------------------+-------+-------+-------++-------
Melee: War axe           |    99 |   262 |    82 ||   443
 Abil: Heal Wounds       |       |     5 |     1 ||     6
Evoke: Wand              |       |       |     1 ||     1
  Use: Potion            |       |     1 |       ||     1
       Scroll            |       |       |     2 ||     2
  Eat: Chunk             |     1 |     9 |     2 ||    12
Armor: Scale mail        |    45 |    93 |    39 ||   177
Dodge: Dodged            |    21 |    71 |    23 ||   115
Block: Shield            |    65 |   133 |    36 ||   234

Table legend:
 A = Non-vault XP
 B = Vault XP
 C = Vault XP percentage of total XP
 D = Non-vault monster count
 E = Vault monster count
 F = Vault count percentage of total count
                 A         B        C        D         E       F
            +---------+---------+-------+---------+---------+-------
      Total |    1062 |     309 |  22.5 |     114 |       6 |   5.0
            +---------+---------+-------+---------+---------+-------
        D:1 |      54 |       0 |   0.0 |      30 |       0 |   0.0
        D:2 |     129 |      38 |  22.8 |      26 |       3 |  10.3
        D:3 |      93 |       3 |   3.1 |      14 |       1 |   6.7
        D:4 |     207 |       0 |   0.0 |      19 |       0 |   0.0
        D:5 |     529 |     268 |  33.6 |      22 |       2 |   8.3
        D:6 |      50 |       0 |   0.0 |       3 |       0 |   0.0
            +---------+---------+-------+---------+---------+-------
